 Dungeon Crawl Stone Soup version 0.22-a0-355-g201945f (webtiles) character file.

1955 Amnesiac the Slicer (level 9, 0/43 HPs)
             Began as a Vine Stalker Fighter on Apr 17, 2018.
             Was an Initiate of Gozag.
             Slain by a two-headed ogre
             ... wielding a +0 giant club
              (5 damage)
             ... on level 8 of the Dungeon.
             The game lasted 00:06:05 (1837 turns).

Amnesiac the Slicer (Vine Stalker Fighter)          Turns: 1837, Time: 00:06:06

Health: 0/43       AC: 13    Str: 21    XL:     9   Next: 19%
Magic:  0/10       EV:  5    Int:  8    God:    Gozag
Gold:   65         SH:  9    Dex: 15    Spells: 8/8 levels left

rFire    . . .     SeeInvis .   a - +0 rapier
rCold    . . .     Gourm    +   c - +0 shield
rNeg     . . .     Faith    .   l - +0 plate armour
rPois    .         Spirit   +   (no helmet)
rElec    .         Reflect  .   (no cloak)
rCorr    .         Harm     .   d - +0 pair of gloves
MR       +....                  o - +0 pair of boots
Stlth    ..........             s - amulet of the gourmand
HPRegen  0.54/turn              (no ring)
MPRegen  0.12/turn              (no ring)

@: berserk cooldown, slowed, very slow
A: fangs 3, regeneration 1, magic shield, antimagic bite, no potion heal 3, rot
immunity
a: Potion Petition, Call Merchant, Bribe Branch, Renounce Religion


You were on level 8 of the Dungeon.
You worshipped Gozag.
Gozag was noncommittal.
You were hungry.

You visited 1 branch of the dungeon, and saw 9 of its levels.

You collected 196 gold pieces.
You paid 131 gold pieces to Gozag.

Inventory:

Hand Weapons
 a - a +0 rapier (weapon)
Missiles
 g - 7 curare-tipped needles
Armour
 c - a +0 shield (worn)
 d - a +0 pair of gloves (worn)
 l - a +0 plate armour (worn)
 o - a +0 pair of boots (worn)
Jewellery
 s - an amulet of the gourmand (around neck)
Wands
 q - a wand of enslavement (11)
Scrolls
 b - a scroll of amnesia {!r, unknown}
 h - a scroll of remove curse {!r}
 j - a scroll of enchant weapon {!r, unknown}
 m - a scroll of enchant armour {!r, unknown}
 n - 2 scrolls of teleportation {!r, unknown}
Potions
 e - a potion of haste {!q}
 k - a potion of berserk rage {!q}
 r - 4 potions of curing {!q}
Comestibles
 f - 3 rations


   Skills:
 - Level 2.6 Fighting
 + Level 9.8 Short Blades
 - Level 2.4 Armour
 - Level 4.0 Dodging
 - Level 2.6 Shields


You had 8 spell levels left.
You didn't know any spells.

Dungeon Overview and Level Annotations

Branches:
Dungeon (9/15)
 Temple: D:4-7         Lair: D:8-11         Orc: D:9-12

Altars:
Gozag
Hepliaklqana
Wu Jian
Xom


Innate Abilities, Weirdness & Mutations

You have razor-sharp teeth.
Your natural rate of healing is unusually fast.
When hurt, damage is shared between your health and your magic reserves.
Your bite disrupts and absorbs the magic of your enemies.
Potions cannot restore your health.
You are immune to rotting.


Message History

Eating one of 2 chunks of flesh.
You eat one of the 2 chunks of flesh.
This raw flesh tastes terrible.
Things that are here:
an uncursed shortbow; 20 arrows
Found a lumpy soapstone amulet.
s - a lumpy soapstone amulet All of the chunks of flesh in your inventory have rotted away.
Found a leather armour.
Put on which piece of jewellery? (? for menu, Esc to quit)
You don't have any such object.
Put on which piece of jewellery? (? for menu, Esc to quit)
You remove your amulet of magic regeneration.
You are feeling hungry.
You feel a craving for the dungeon's cuisine.
s - an amulet of the gourmand (around neck)
Okay, then.
There is a stone staircase leading down here.
Drop what? 18/52 slots (_ for help) (? for menu, Esc to quit)
You drop an uncursed amulet of magic regeneration.
You climb downwards.
There is a stone staircase leading up here.
Things that are here:
a plate armour; a dire flail; an orc skeleton You hear a distant slurping noise.
A two-headed ogre, a phantom and a zombie come into view.
The two-headed ogre shouts in stereo!
Found a scroll labeled ZAACKUA QILI.
There are monsters nearby!
The phantom blinks!
You puncture the adder zombie!
The adder zombie is severely damaged.
You block the adder zombie's attack.
Your shield prevents you from hitting the adder zombie.
You destroy the adder zombie!
The phantom blinks!
The phantom blinks!
Really quaff
k - 2 smoky cyan potions {!q}?
It was a potion of berserk rage {!q}.
A red film seems to cover your vision as you go berserk!
You feel yourself moving faster!
You feel mighty!
You swing at nothing.
You feel a strong urge to attack something.
You swing at nothing.
The two-headed ogre is distracted by the nearby gold.
You swing at nothing.
You feel your anger nearly subside.
You are no longer berserk.
You are exhausted.
You feel yourself slow down.
The two-headed ogre is no longer distracted by gold.
The two-headed ogre hits you with a giant club!!
You block the two-headed ogre's attack.
The phantom blinks!
The two-headed ogre hits you with a giant club.
The two-headed ogre hits you with a giant spiked club.
You hit the two-headed ogre.
You bite the two-headed ogre, but do no damage.
The two-headed ogre is lightly wounded.
The two-headed ogre hits you with a giant club!
* * * LOW HITPOINT WARNING * * *
You block the two-headed ogre's attack.
The two-headed ogre hits you with a giant club!
* * * LOW HITPOINT WARNING * * *
The two-headed ogre hits you with a giant spiked club.
You die...
Your body crumbles into a pile of gold.

$ #.......
..###########....#
#..?............>...
#.#.............<#[[
#.#.........###<.#..
#.#.#####...####[#..
#....#..............
#....#.####.####.#.#
#.O@.............#..
#...##.####.########
#...##.# #.#
#..$##.# #.#
#.W.##.# #.#
#...##.####.#
#...##......#
#...######### #....


You could see a two-headed ogre and a phantom.

Vanquished Creatures
  Pikel (D:5)
  A hungry ghost (D:7)
  2 sky beasts
  3 slaves (D:5)
  2 orc warriors
  A black bear (D:6)
  An ice beast (D:6)
  3 centaurs
  3 bullfrogs
  A scorpion (D:3)
  2 crimson imps (D:5)
  A hound (D:8)
  A bullfrog zombie (D:7)
  An iguana (D:5)
  An orc wizard (D:6)
  8 adders
  3 shadow imps
  An ooze (D:3)
  An adder zombie (D:8)
  An adder skeleton (D:5)
  2 leopard geckos
  9 orcs
  A giant cockroach (D:3)
  4 goblins
  3 hobgoblins
  6 jackals
  3 kobolds
  3 quokkas (D:7)
  A ball python (D:3)
  A frilled lizard (D:2)
  A quokka skeleton (D:7)
  A rat (D:3)
73 creatures vanquished.

Notes
Turn   | Place    | Note
-------+----------+-------------------------------------------
     0 | D:1      | Amnesiac the Vine Stalker Fighter began the quest for the Orb.
     0 | D:1      | Reached XP level 1. HP: 11/11 MP: 2/2
    43 | D:2      | Reached skill level 2 in Short Blades
    71 | D:2      | Reached XP level 2. HP: 10/16 MP: 3/3
    94 | D:3      | Reached skill level 3 in Short Blades
   110 | D:3      | Reached XP level 3. HP: 14/19 MP: 4/4
   141 | D:3      | Noticed a scorpion
   152 | D:3      | Killed a scorpion
   152 | D:3      | Reached skill level 4 in Short Blades
   152 | D:3      | Gained mutation: Your natural rate of healing is unusually fast. [Vine Stalker growth]
   152 | D:3      | Reached XP level 4. HP: 14/23 MP: 3/5
   286 | D:4      | Found a hazy altar of Hepliaklqana.
   287 | D:4      | Found an ornate altar of the Wu Jian Council.
   452 | D:5      | Entered Level 5 of the Dungeon
   469 | D:5      | HP: 1/23 [iguana (5)]
   470 | D:5      | Reached XP level 5. HP: 1/27 MP: 1/6
   634 | D:6      | Noticed a sky beast
   695 | D:7      | Noticed a centaur
   704 | D:7      | Noticed an orc warrior
   706 | D:7      | Killed a centaur
   706 | D:7      | Reached skill level 5 in Short Blades
   706 | D:7      | Reached XP level 6. HP: 16/32 MP: 4/7
   740 | D:7      | Killed an orc warrior
   740 | D:7      | Reached skill level 6 in Short Blades
   858 | D:9      | Noticed an orc warrior
   865 | D:9      | Noticed a hell hound
   989 | D:8      | Killed an orc warrior
   989 | D:8      | Reached skill level 7 in Short Blades
   989 | D:8      | Reached XP level 7. HP: 21/35 MP: 8/8
  1026 | D:8      | Found an ornate altar of the Wu Jian Council.
  1028 | D:8      | Found a blossoming altar of Fedhas.
  1028 | D:8      | Found a shimmering altar of Xom.
  1030 | D:8      | Found a shimmering altar of Xom.
  1030 | D:8      | Found a burning altar of Makhleb.
  1030 | D:8      | Found a bloodstained altar of Trog.
  1375 | D:6      | Reached skill level 8 in Short Blades
  1375 | D:6      | Gained mutation: You have razor-sharp teeth. [Vine Stalker growth]
  1375 | D:6      | Reached XP level 8. HP: 23/39 MP: 7/9
  1435 | D:6      | Reached skill level 1 in Dodging
  1487 | D:5      | Noticed Pikel
  1586 | D:5      | Killed Pikel
  1612 | D:5      | Found an opulent altar of Gozag.
  1618 | D:5      | Became a worshipper of Gozag Ym Sagoz the Greedy
  1621 | D:5      | Reached skill level 9 in Short Blades
  1704 | D:6      | Reached XP level 9. HP: 42/43 MP: 10/10
  1825 | D:8      | Noticed a two-headed ogre
  1837 | D:8      | Slain by a two-headed ogre

Vault maps used:
D:1:      elethiomel_arrival_shortcut
D:2:      lemuel_crystal_altar, marbit_many_paths, serial_bayou_crossing,
          uniq_sigmund
D:3:      serial_glass, glass_columns_a, glass_columns_a, grunt_ministairs_15
D:4:      cheibriados_altar_1, amethyst_overflow_temple_binary,
          minmay_temple_entry_mist, serial_shops, kennysheep_mini_moat
D:5:      lemuel_coloured_pillars_altar, old_standard_altar, first_ration,
          uniq_pikel
D:7:      kennysheep_generic_room_15
D:8:      nicolae_qazlal_eye_of_the_storm, doesnt_xom_only_xom,
          hangedman_little_slice_of_home
D:9:      minmay_lair_entry_lava, kennysheep_orc_monster_closet_entryway,
          serial_shops, shop, worms_lemuel, uniq_psyche

Skill      XL: |  1  2  3  4  5  6  7  8 |
---------------+-------------------------+-----
Short Blades   | 2 3 4 5 7 8 9 |  9.8
Dodging        | 4 |  4.0
Fighting       | |  2.6
Armour         | |  2.4
Shields        | |  2.6

Action                   |  1- 3 |  4- 6 |  7- 9 || total
-------------------------+-------+-------+-------++-------
Melee: Rapier            |    55 |   112 |   241 ||   408
       Bite              |    16 |    36 |    68 ||   120
  Use: Scroll            |       |     1 |       ||     1
       Potion            |       |     3 |     1 ||     4
  Eat: Chunk             |       |       |     5 ||     5
Armor: Scale mail        |    16 |     8 |       ||    24
       Plate armour      |       |    30 |   127 ||   157
Dodge: Dodged            |    18 |    10 |    26 ||    54
Block: Shield            |    20 |    51 |   106 ||   177

Table legend:
 A = Spawn XP
 B = Non-spawn XP
 C = Spawn XP percentage of total XP
 D = Spawn monster count
 E = Non-spawn monster count
 F = Spawn count percentage of total count
 G = Total turns spent on level
                    A         B        C        D         E        F      G
               +---------+---------+-------+---------+---------+-------+---------
         Total |       0 |    2794 |   0.0 |       0 |      70 |   0.0 |  1837
               +---------+---------+-------+---------+---------+-------+---------
           D:2 |       0 |      25 |   0.0 |       0 |       7 |   0.0 |    93
           D:3 |       0 |     108 |   0.0 |       0 |      13 |   0.0 |   140
           D:5 |       0 |     784 |   0.0 |       0 |       8 |   0.0 |   384
           D:6 |       0 |     684 |   0.0 |       0 |      12 |   0.0 |   218
           D:7 |       0 |     892 |   0.0 |       0 |      19 |   0.0 |   494
           D:8 |       0 |     207 |   0.0 |       0 |       8 |   0.0 |   262
           D:9 |       0 |      94 |   0.0 |       0 |       3 |   0.0 |    21
               +---------+---------+-------+---------+---------+-------+---------
